Map: Blueshift LE

Players

HeroMarine

  • Race: Terran Terran
  • Spawn Location: 1:00

Silky - Winner!

  • Race: Zerg Zerg
  • Spawn Location: 7:00

Event: WCS Montreal 2018

VOD

Have the link to the VOD?

Description

Time

  • Played on: Sept. 7, 2018, 4:07 p.m.
  • Length: 14:19

All games in this series

Show
View Real Time Build Order
Export as new Build Order

HeroMarine Terran 

Build Orders: Reaper Expand, Hellion Banshee, Mech 

Get SALT Encoding   

  12  0:00  SCV  
  13  0:12  SCV  
  14  0:17  Supply Depot  
  14  0:24  SCV  
  15  0:38  SCV  
  15  0:40  Barracks  
  16  0:43  Refinery  
  16  0:50  SCV  
  17  1:03  SCV  
  18  1:15  SCV  
  19  1:29  Orbital Command, Reaper  
  20  1:39  Command Center  
  20  1:48  Supply Depot  
  20  1:55  SCV  
  21  2:01  Marine  
  21  2:07  SCV  
  23  2:10  Factory  
  23  2:19  SCV  
  25  2:23  Barracks Reactor  
  24  2:31  SCV  
  25  2:39  Command Center  
  25  2:43  SCV  
  26  2:46  Refinery  
  26  2:55  Orbital Command, SCV  
  27  3:02  Starport  
  27  3:07  Hellion  
  27  3:11  Hellion  
  31  3:13  SCV  
  31  3:16  Barracks Tech Lab  
  32  3:21  SCV  
  32  3:26  SCV  
  34  3:28  Hellion  
  34  3:33  Hellion  
  38  3:34  SCV  
  38  3:38  SCV  
  40  3:45  Cloaking Field  
  40  3:47  Banshee, SCV  
  44  3:50  SCV  
  44  3:54  Orbital Command  
  45  4:00  Hellion x2  
  49  4:04  SCV x2  
  49  4:06  Barracks Tech Lab  
  50  4:16  SCV x2  
  52  4:19  Supply Depot  
  52  4:20  SCV  
  53  4:28  SCV x2  
  53  4:29  Banshee  
  58  4:31  Refinery  
  58  4:32  Refinery, SCV  
  59  4:40  SCV x2  
  59  4:41  Supply Depot  
  59  4:44  Armory, SCV  
  62  4:46  Armory  
  62  4:52  SCV x2  
  64  4:54  Hellion x2  
  69  5:01  Orbital Command  
  69  5:03  Supply Depot  
  69  5:04  SCV x2  
  70  5:11  Refinery  
  70  5:12  Factory  
  70  5:15  Refinery, Factory  
  70  5:16  SCV x2  
  72  5:24  Hellion x2  
  72  5:25  Starport Reactor  
  76  5:28  SCV x2  
  78  5:38  Supply Depot  
  78  5:39  Supply Depot  
  78  5:40  SCV  
  78  5:41  SCV  
  78  5:42  Terran Vehicle And Ship Armor Level 1, Terran Vehicle Weapons Level 1  
  80  5:43  SCV  
  81  5:52  SCV  
  81  5:53  SCV  
  81  5:55  SCV  
  84  6:05  SCV x2  
  84  6:06  Supply Depot  
  84  6:07  Thor x2, SCV  
  96  6:14  Supply Depot  
  96  6:15  Medivac x2  
  96  6:16  Supply Depot  
  96  6:17  SCV  
  101  6:20  Supply Depot  
  101  6:28  SCV x2  
  101  6:29  SCV  
  102  6:36  Factory  
  102  6:37  Factory  
  102  6:40  SCV x2  
  102  6:41  SCV  
  102  6:42  Supply Depot  
  102  6:43  Hellion x2  
  102  6:44  Supply Depot, Barracks Reactor  
  109  6:50  Siege Tank  
  109  6:52  SCV x2  
  109  6:53  SCV  
  115  6:54  Liberator  
  115  6:55  Siege Tank  
  115  7:00  Liberator  
  115  7:01  Infernal Pre-Igniter  
  118  7:04  SCV x2  
  118  7:06  Hellion x2  
  124  7:08  Supply Depot  
  124  7:10  Supply Depot  
  127  7:18  SCV x3  
  133  7:29  Siege Tank  
  137  7:31  Factory Tech Lab  
  137  7:36  Hellion  
  133  7:38  Hellion x2  
  133  7:40  Liberator  
  133  7:41  Hellion x2  
  133  7:43  Liberator, Command Center  
  136  7:46  Hellion  
  136  7:49  Supply Depot  
  136  7:50  Supply Depot  
  132  7:57  Hellion  
  135  7:58  Terran Vehicle Weapons Level 2  
  135  8:00  Hellion x2  
  135  8:03  Terran Vehicle And Ship Armor Level 2  
  139  8:07  Hellion x3  
  139  8:08  Hellion  
  139  8:10  Engineering Bay  
  139  8:11  Supply Depot  
  147  8:18  Hellion  
  149  8:20  Hellion x6  
  149  8:21  Hellion  
  149  8:22  Liberator, Hellion  
  153  8:27  Liberator  
  153  8:31  Siege Tank x2  
  158  8:44  Hellion x3  
  165  8:59  Hellion  
  165  9:02  SCV x3  
  170  9:04  Siege Tank  
  170  9:05  Liberator  
  170  9:07  Factory, Hellion  
  170  9:08  Hellion x2  
  179  9:11  Siege Tank  
  182  9:20  Siege Tank  
  182  9:21  Hellion  
  184  9:29  Refinery, Hellion  
  184  9:30  Refinery  
  186  9:31  Command Center  
  186  9:36  Sensor Tower, Planetary Fortress  
  186  9:40  Hellion x2  
  186  9:42  Siege Tank  
  186  9:53  Siege Tank  
  186  9:55  Smart Servos  
  186  9:56  Hellion  
  186  9:57  Hellion x2  
  190  10:13  Hellion x2  
  192  10:14  Siege Tank  
  192  10:18  Siege Tank  
  184  10:25  Siege Tank, Hellion x2  
  184  10:27  Factory Reactor  
  187  10:34  Hellion  
  189  10:40  Cyclone  
  192  10:46  Cyclone  
  192  10:47  Liberator, Hellion  
  174  10:50  Siege Tank  
  174  10:52  Hellion  
  174  10:55  Hellion  
  169  10:58  Hellion  
  152  11:08  Hellion  
  152  11:10  Hellion x2  
  144  11:12  Hellion  
  144  11:14  Hellion  
  144  11:17  Hellion  
  135  11:19  Siege Tank, Hellion  
  135  11:22  Siege Tank  
  135  11:23  Liberator  
  135  11:24  SCV x3  
  146  11:29  Siege Tank  
  146  11:32  Hellion x2  
  152  11:33  Hellion  
  152  11:35  Hellion  
  152  11:36  SCV  
  162  11:48  Refinery  
  162  11:52  Refinery  
  160  11:56  Planetary Fortress  
  160  12:08  Siege Tank  
  157  12:10  Hellion x3  
  157  12:11  Siege Tank  
  157  12:15  Hellion x2  
  163  12:24  Hellion  
  163  12:25  Hellion  
  167  12:31  Hellion  
  167  12:42  Siege Tank  
  167  12:43  Siege Tank  
  173  12:45  Hellion  
  173  12:46  Hellion  
  173  12:50  Siege Tank  
  173  12:53  Hellion  
  173  12:56  Hellion x2  
  179  13:00  Hellion  
  175  13:14  Siege Tank  
  175  13:15  Siege Tank  
  165  13:22  Siege Tank  
  165  13:26  Hellion x2  
  162  13:32  Hellion x2  
  142  13:45  Hellion x2  
  142  13:46  Siege Tank  
  142  13:48  Hellion x2  
Show
View Real Time Build Order
Export as new Build Order

Silky Zerg - Winner!

Build Orders: Hatch First, Swarm Host 

Get SALT Encoding   

  12  0:00  Drone  
  13  0:12  Overlord  
  13  0:17  Drone  
  14  0:30  Drone x2  
  16  0:48  Hatchery  
  15  0:51  Drone  
  15  0:54  Drone  
  17  0:57  Drone  
  18  1:08  Extractor  
  17  1:13  Spawning Pool  
  17  1:16  Drone  
  17  1:20  Drone  
  18  1:28  Drone  
  19  1:38  Drone  
  20  1:48  Overlord  
  20  2:00  Queen x2  
  20  2:01  Zergling x4  
  26  2:09  Metabolic Boost  
  26  2:11  Drone x2  
  28  2:30  Hatchery  
  28  2:31  Drone  
  27  2:40  Queen  
  27  2:44  Drone  
  30  2:46  Drone  
  30  2:49  Overlord  
  31  2:53  Drone  
  31  2:56  Spore Crawler  
  31  3:02  Drone x3  
  35  3:05  Overlord  
  35  3:10  Drone x2  
  37  3:13  Drone  
  37  3:14  Drone  
  39  3:20  Queen  
  39  3:23  Drone  
  42  3:27  Overlord  
  42  3:30  Zergling x2  
  42  3:31  Zergling x2  
  44  3:40  Zergling x4  
  46  3:41  Queen  
  46  3:45  Drone x3  
  46  3:47  Drone  
  52  3:52  Drone  
  52  3:54  Baneling Nest  
  52  3:58  Drone x3  
  55  4:03  Queen  
  55  4:09  Lair  
  57  4:13  Zergling x6  
  60  4:21  Drone x5  
  65  4:27  Overlord  
  65  4:30  Overlord  
  65  4:33  Spore Crawler x2  
  65  4:37  Spore Crawler  
  62  4:42  Baneling x4  
  62  4:46  Drone x3  
  62  4:49  Drone x5  
  62  4:50  Drone  
  69  4:56  Drone  
  69  4:57  Drone  
  69  4:58  Drone, Roach Warren  
  70  5:07  Overseer  
  70  5:09  Drone x4  
  70  5:11  Overlord  
  74  5:16  Extractor  
  74  5:17  Overlord  
  74  5:18  Extractor  
  72  5:21  Overlord  
  72  5:24  Overlord  
  72  5:29  Overlord, Evolution Chamber  
  72  5:30  Drone x5  
  72  5:31  Zergling x8, Evolution Chamber  
  72  5:34  Extractor x2  
  77  5:37  Glial Reconstitution  
  77  5:38  Drone x3  
  77  5:42  Drone x2  
  82  5:44  Drone  
  82  5:49  Drone x4  
  86  5:54  Zerg Missile Weapons Level 1  
  85  6:02  Hatchery  
  84  6:08  Roach x3  
  84  6:09  Roach x2  
  94  6:14  Drone  
  94  6:16  Drone x2  
  94  6:17  Drone x2  
  94  6:18  Extractor, Zerg Ground Armor Level 1  
  98  6:31  Roach x4  
  98  6:32  Roach  
  105  6:34  Overlord  
  105  6:37  Infestation Pit  
  103  6:50  Overlord x2, Drone x2  
  103  6:53  Roach x3  
  103  6:54  Roach  
  113  6:56  Overlord x2  
  113  6:59  Overlord  
  113  7:03  Overlord  
  113  7:12  Roach x7  
  127  7:17  Roach x3  
  127  7:18  Roach x3  
  137  7:31  Roach  
  137  7:32  Roach x7  
  137  7:46  Drone x4  
  137  7:47  Drone x6  
  137  7:49  Swarm Host  
  150  8:05  Swarm Host x3  
  153  8:06  Overlord x2  
  153  8:07  Overlord  
  153  8:10  Overlord x2  
  159  8:13  Zerg Ground Armor Level 2, Zerg Missile Weapons Level 2  
  159  8:14  Spine Crawler  
  158  8:20  Overlord  
  158  8:21  Overlord x2  
  158  8:24  Spine Crawler, Extractor  
  158  8:25  Spore Crawler, Extractor  
  154  8:28  Swarm Host x3  
  154  8:29  Swarm Host x2  
  154  8:30  Swarm Host  
  172  8:40  Swarm Host x3  
  177  8:51  Drone  
  177  8:52  Spine Crawler, Drone  
  177  8:53  Drone x2  
  177  8:55  Spine Crawler  
  177  8:58  Swarm Host  
  177  8:59  Swarm Host x2  
  177  9:02  Ravager x2  
  189  9:03  Ravager  
  189  9:04  Hatchery  
  188  9:15  Roach x5  
  195  9:28  Ravager x2  
  195  9:29  Ravager x3  
  200  9:34  Hydralisk Den  
  199  9:46  Spine Crawler, Drone  
  199  9:47  Spine Crawler, Hatchery  
  199  9:48  Spine Crawler  
  196  9:56  Roach x4  
  196  9:58  Hive  
  196  10:03  Spore Crawler  
  196  10:04  Spore Crawler  
  192  10:23  Hydralisk x4  
  192  10:28  Spire, Drone  
  200  10:32  Grooved Spines  
  198  10:46  Hydralisk x3  
  198  10:59  Hydralisk  
  198  11:00  Hydralisk x2  
  171  11:11  Roach x8  
  171  11:12  Roach x7  
  171  11:16  Zerg Missile Weapons Level 3, Zerg Ground Armor Level 3  
  196  11:24  Roach x2  
  200  11:32  Roach x6  
  199  11:35  Spore Crawler x2  
  199  11:37  Spore Crawler x2  
  199  11:38  Viper x2  
  198  11:42  Zerg Flyer Armor Level 1  
  198  11:44  Muscular Augments  
  198  11:51  Hydralisk  
  198  12:19  Drone x2  
  194  12:50  Ravager x6  
  200  12:53  Extractor  
  195  13:16  Unknown x2  
  195  13:19  Corruptor x2  
  188  13:20  Corruptor x3  
  188  13:28  Roach x9  
  188  13:29  Roach  
  188  13:33  Corruptor  
  188  13:34  Corruptor x3  
  175  13:39  Roach x8  
  197  13:58  Roach x2  
Tags
 
Add a new tag
Caveats
  • Supply blocks, unpowered buildings, or Contaminate may cause inaccurate times.
  • Supply counts are checked every 10 seconds.